 Dungeon Sprint DCSS version 0.31-a0-344-gd109795599 (webtiles) character file.

Game seed: 4075435306454951900

419 Conn the Arsonist (level 6, -7/38 HPs)
             Began as an Octopode Fire Elementalist on July 22, 2023.
             Was an Initiate of Sif Muna.
             Mangled by a fire elemental (9 damage)
             ... summoned by a deep elf pyromancer
             ... in the Dungeon (Sprint III: "The Ten Rune Challenge").
             The game lasted 00:08:27 (392 turns).

Conn the Arsonist (Octopode Fire Elementalist)       Turns: 392, Time: 00:08:28

Health: -7/38      AC:  1    Str:  7    XL:     6   Next: 93%
Magic:  8/16       EV: 15    Int: 19    God:    Sif Muna [......]
Gold:   26         SH:  0    Dex: 13    Spells: 9/19 levels left

rFire   . . .        c - +0 dagger
rCold   . . .        (no shield)
rNeg    . . .        (helmet restricted)
rPois   .            (no amulet)
rElec   .            (no ring)
rCorr   .            (no ring)
SInv    .            (no ring)
Will    .....        (no ring)
Stlth   ++++         (no ring)
HPRegen 0.26/turn    (no ring)
MPRegen 0.15/turn    (no ring)
                     (no ring)

%: no teleportation
@: very slightly contaminated
A: almost no armour, amphibious, 8 rings, camouflage 1, gelatinous body 1,
(nimble swimmer 1), tentacles
a: Renounce Religion


You were in the Dungeon.
You worshipped Sif Muna.
Sif Muna was noncommittal.
You visited 1 branch You collected 26 gold pieces.

Inventory:

Hand Weapons
 c - a +0 dagger (weapon)
Scrolls
 h - a scroll of revelation
Potions
 a - 2 potions of magic
 i - 2 potions of enlightenment
 j - 7 potions of mutation


   Skills:
 + Level 1.0 Fighting
 + Level 5.2 Dodging
 + Level 5.6 Stealth
 + Level 3.3 Unarmed Combat
 + Level 7.1 Spellcasting
 + Level 2.4 Conjurations
 + Level 0.6 Hexes
 + Level 10.0 Fire Magic


You had 9 spell levels left.
You knew the following spells:

 Your Spells              Type           Power      Damage    Failure   Level
a - Foxfire               Conj/Fire      100%       2x1d9     1%          1
b - Scorch                Fire           90%        2d9       1%          2
c - Inner Flame           Hex/Fire       27%        N/A       3%          3
d - Flame Wave            Conj/Fire      30%        2d9       8%          4

Your spell library contained the following spells:

 Spells                   Type           Power      Damage    Failure   Level
 Volatile Blastmotes      Fire/Tloc      50%        2d14      3%          3
 Ensorcelled Hibernation  Hex/Ice        14%        N/A       13%         2
 Passwall                 Tmut/Erth      5%         N/A       16%         2
 Swiftness                Air            6%         N/A       30%         3


Dungeon Overview and Level Annotations

Branches:
Dungeon (1/1)

Altars:
Elyvilon
Kikubaaqudgha
Okawaru
Sif Muna
Trog
Uskayaw
Vehumet
Wu Jian
Zin
The Shining One


Innate Abilities, Weirdness & Mutations

You cannot wear most types of armour.
You are amphibious.
You can wear up to eight rings at the same time.
Your skin changes colour to match your surroundings (Stealth+).
Your rubbery body absorbs attacks. (AC +1, EV +1)
((You are camouflaged when in or above water. (Stealth+)))
You have tentacles for arms and can constrict up to eight enemies at once.


Message History

Unknown command.
Casting: Inner Flame (dangerous; 3% risk of failure)
Confirm with . or Enter, or press ? or * to list all spells.
Aiming: Inner Flame (dangerous; 3% risk of failure)
Press: ? - help, Dir - move target, f - deep elf pyromancer
Aim: a deep elf pyromancer, wielding a +2 long sword of holy wrath (wisps of flame, moderately wounded, chance to affect: 68%)
You miscast Inner Flame.
Nothing appears to happen.
The deep elf pyromancer mumbles some strange words.
Casting: Inner Flame (dangerous; 3% risk of failure)
Confirm with . or Enter, or press ? or * to list all spells.
Okay, then.
Unknown command.
Okay, then.
You feel better.
Okay, then.
Unknown command.
Unknown command.
Casting: Inner Flame (dangerous; 3% risk of failure)
Confirm with . or Enter, or press ? or * to list all spells.
Okay, then.
Okay, then.
As you read the scroll labelled LOBIKI RYXKIX, it crumbles to dust.
It is a scroll of identify.
h - a scroll of revelation The fire elemental barely misses you.
Really read the scroll of immolation?
As you read the scroll of immolation, it crumbles to dust.
The creatures around you are filled with an inner flame!
The fire elemental completely misses you.
The fire elemental hits you. The fire elemental burns you!
* * * LOW HITPOINT WARNING * * *
Unknown command.
Unknown command.
Unknown command.
Casting: Inner Flame (dangerous; 3% risk of failure)
Confirm with . or Enter, or press ? or * to list all spells.
Flames lash the fire elemental.
The fire elemental completely resists.
The fire elemental barely misses you. The fire elemental hits you.
The fire elemental burns you!
You die...

▓▓▓ ▓▓▓ ..####
##.#########
.....#####..#___#___#
......#..#).#!.e#__.
.##...#..#.[###°#'###+##
.###..##'#..#..EE......#
#.##..###...).⌠.@......#
.##..####...#...######+#
.##..###....#.⌠.#
##...##.....#...#
#....#......#[###
#..##.#.....#...# #..
####....#___# ▓▓▓
▓▓▓▓▓▓▓▓▓▓


You could see a deep elf pyromancer (inner flame) and 2 fire elementals.

Vanquished Creatures
  A water elemental (D)
  A wizard (D)
  3 humans (D)
  A kobold demonologist (D)
  A wolf (D)
  An endoplasm (D)
  3 rats (D)
11 creatures vanquished.

Vanquished Creatures (others)
  18 foxfires (D)
18 creatures vanquished.

Grand Total: 29 creatures vanquished

Notes
Turn   | Place    | Note
-------+----------+-------------------------------------------
     0 | D        | Conn the Octopode Fire Elementalist began the quest for the
                  | Orb.
     0 | D        | Reached XP level 1. HP: 11/11 MP: 3/3
    90 | D        | Noticed a wolf
    94 | D        | Killed a wolf
    95 | D        | Reached skill level 4 in Fire Magic
    95 | D        | Reached XP level 2. HP: 17/17 MP: 3/5
   100 | D        | Reached skill level 5 in Fire Magic
   100 | D        | Reached XP level 3. HP: 21/21 MP: 3/7
   139 | D        | Learned a level 2 spell: Scorch
   143 | D        | Learned a level 3 spell: Inner Flame
   143 | D        | Noticed a water elemental
   146 | D        | Killed a water elemental
   147 | D        | Reached skill level 1 in Unarmed Combat
   147 | D        | Reached skill level 6 in Fire Magic
   147 | D        | Reached XP level 4. HP: 27/27 MP: 1/10
   228 | D        | Learned a level 4 spell: Flame Wave
   234 | D        | Found a radiant altar of Vehumet.
   234 | D        | Found a shimmering blue altar of Sif Muna.
   234 | D        | Found an ancient bone altar of Kikubaaqudgha.
   234 | D        | Noticed a wizard
   238 | D        | Found a hide-covered altar of Uskayaw.
   238 | D        | Found a bloodstained altar of Trog.
   238 | D        | Found an ornate altar of the Wu Jian Council.
   238 | D        | Noticed a human
   239 | D        | Noticed a human
   240 | D        | Reached skill level 7 in Fire Magic
   251 | D        | Killed a human
   252 | D        | Reached skill level 5 in Stealth
   252 | D        | Reached skill level 5 in Spellcasting
   252 | D        | Reached skill level 8 in Fire Magic
   252 | D        | Reached XP level 5. HP: 13/32 MP: 7/13
   252 | D        | Reached XP level 6. HP: 15/37 MP: 7/14
   252 | D        | Killed a human
   253 | D        | Reached skill level 5 in Dodging
   253 | D        | Reached skill level 9 in Fire Magic
   257 | D        | Reached skill level 1 in Fighting
   257 | D        | Reached skill level 10 in Fire Magic
   365 | D        | Became a worshipper of Sif Muna the Loreminder
   372 | D        | Found an iron altar of Okawaru.
   378 | D        | Found a glowing silver altar of Zin.
   379 | D        | Found a glowing golden altar of the Shining One.
   379 | D        | Found a white marble altar of Elyvilon.
   386 | D        | Noticed a deep elf pyromancer
   386 | D        | HP: 1/38 [deep elf pyromancer/bolt of fire (37)]
   389 | D        | Noticed a fire elemental
   389 | D        | Noticed a fire elemental
   392 | D        | Mangled by a fire elemental

Illustrated notes

Levels and vault maps discovered:
D:        dungeon_sprint_mu [sprint_mu_entry_cave, sprint_mu_temple_rooms,
          sprint_mu_d1_spiders, sprint_mu_d2_genie, sprint_mu_d3_branching,
          sprint_mu_orc_legion, sprint_mu_elf_gauntlet, sprint_mu_hive_nellie,
          sprint_mu_lair_fedhas, sprint_mu_vaults_butterflies,
          sprint_mu_slime_circle, sprint_mu_swamp_cave, sprint_mu_snake_twists,
          sprint_mu_blade_basic, sprint_mu_crypt_chambers,
          sprint_mu_tomb_spiral, sprint_mu_vestibule_basic,
          sprint_mu_gehenna_hellfire, sprint_mu_dis_giant,
          sprint_mu_tartarus_statrot, sprint_mu_cocytus_islands, sprint_mu_zot1]

Skill      XL: |  1  2  3  4  5  6 |
---------------+-------------------+-----
Stealth        | 3 4 5 |  5.6
Fire Magic     | 4 5 6 8 10 | 10.0
Dodging        | 3 4 5 |  5.2
Spellcasting   | 3 4 5 7 |  7.1
Unarmed Combat | 1 2 3 |  3.3
Conjurations   | 2 |  2.4
Fighting       | 1 |  1.0
Hexes          | |  0.6

Action                     |  1- 3 |  4- 6 || total
---------------------------+-------+-------++-------
  Melee: Unarmed           |    11 |     1 ||    12
         Constrict         |     2 |       ||     2
         Tentacles         |     2 |       ||     2
   Cast: Foxfire           |     5 |     6 ||    11
         Scorch            |     3 |     6 ||     9
         Inner Flame       |       |     1 ||     1
    Use: Potion            |     1 |     4 ||     5
         Scroll            |       |     4 ||     4
 Armour: Skin              |       |     2 ||     2
  Dodge: Dodged            |     5 |     6 ||    11

Table legend: (Time is in decaauts)
 A = Elapsed time spent in this place.
 B = Non-inter-level travel time spent in this place.
 C = Inter-level travel time spent in this place.
 D = Time resting spent in this place.
 E = Time spent auto-exploring this place.
 F = Levels seen in this place.
 G = Mean time per level.
                   A        B        C        D        E       F      G
               +--------+--------+--------+--------+--------+-----+--------+
         Total |    382 |    382 |      0 |    165 |     35 |   1 |  382.0 |
       Dungeon |    382 |    382 |      0 |    165 |     35 |   1 |  382.0 |
               +--------+--------+--------+--------+--------+-----+--------+

Top non-repeatable levels by time:
       D: 382 daAuts
